 Dungeon Crawl Stone Soup version 0.28-a0-664-gc179e30c89 (webtiles) character file.

Game seed: 887200686591673033

6721 kipponium the Spear-Bearer (level 10, -2/70 HPs)
             Began as a Demonspawn Abyssal Knight on Oct 16, 2021.
             Was an Elder of Lugonu.
             Slain by a freezing wraith (16 damage)
             ... on level 10 of the Dungeon.
             The game lasted 00:19:18 (6445 turns).

kipponium the Spear-Bearer (DsAK)                   Turns: 6445, Time: 00:19:19

Health: -2/70      AC:  9    Str: 15    XL:     10   Next: 74%
Magic:  11/11      EV: 11    Int: 12    God:    Lugonu [****..]
Gold:   222        SH:  0    Dex: 13    Spells: 9/9 levels left

rFire   . . .      SeeInvis +   d - +9 halberd "Spiderslayer" {drain, rN+ rCorr}
rCold   . . .      Faith    .   (shield currently unavailable)
rNeg    + + .      Spirit   .   r - +1 robe "Piadyefa" {Fly rN+ Str-2 SInv}
rPois   .          Reflect  .   (no helmet)
rElec   .          Harm     .   D - +2 cloak
rCorr   +          Rampage  .   (gloves unavailable)
Will    .....                   h - +0 pair of boots
Stlth   +.........              c - amulet of regeneration
HPRegen 1.21/turn               (no ring)
MPRegen 0.24/turn               (no ring)

@: marked, flying, slowed, very slow
A: magic regeneration, sharp scales 2, demonic touch 3
a: Renounce Religion, Depart the Abyss, Bend Space, Banish, Corrupt


You were on level 10 of the Dungeon.
You worshipped Lugonu.
Lugonu was greatly pleased with you.
You visited 1 branch of the dungeon, and saw 8 of its levels.
You visited the Abyss 1 time.
You also visited: Sewer and Bailey.

You collected 297 gold pieces.
You spent 75 gold pieces at shops.

Inventory:

Hand Weapons
 a - a +2 mace
 d - the +9 halberd "Spiderslayer" (weapon) {drain, rN+ rCorr}
   (You found it on level 4 of the Dungeon)

   A truly terrible weapon, it drains the life of any living foe it strikes.
   rN:        It protects you from negative energy.
   rCorr:     It protects you from acid and corrosion.
Missiles
 k - a curare-tipped dart
 m - 28 poisoned darts (quivered)
Armour
 b - a +0 leather armour
 h - a +0 pair of boots (worn)
 r - the +1 robe "Piadyefa" (worn) {Fly rN+ Str-2 SInv}
   (You found it in a sewer)

   Str:       It affects your strength (-2).
   rN:        It protects you from negative energy.
   SInv:      It lets you see invisible.
   Fly:       It grants you flight.
 D - a +2 cloak (worn)
Jewellery
 c - an amulet of regeneration (around neck)
 C - an amulet of guardian spirit
Wands
 u - a wand of mindburst (15)
 y - a wand of digging (7)
Scrolls
 e - 3 scrolls of fog
 f - a scroll of fear
 i - a scroll of teleportation {unknown}
 j - a scroll of enchant weapon
 q - 2 scrolls of blinking
 x - a scroll of silence {unknown}
 B - a scroll of vulnerability {unknown}
 E - a scroll of enchant armour {unknown}
Potions
 g - 5 potions of flight
 l - 5 potions of haste
 n - 2 potions of brilliance
 o - 4 potions of might
 p - 6 potions of heal wounds
 s - a potion of invisibility
 v - a potion of degeneration {unknown}
 w - 5 potions of curing {unknown}
 z - a potion of lignification {unknown}
 A - a potion of magic {unknown}


   Skills:
 - Level 3.0 Fighting
 - Level 2.6 Maces & Flails
 * Level 14.5 Polearms
 - Level 0.1 Slings
 - Level 0.1 Bows
 - Level 1.7 Armour
 - Level 0.8 Dodging
 - Level 0.3 Shields
 - Level 0.6 Conjurations
 - Level 0.3 Hexes
 - Level 0.3 Translocations
 - Level 0.2 Transmutations
 - Level 0.1 Fire Magic
 - Level 0.4 Ice Magic
 - Level 0.1 Earth Magic
 - Level 0.2 Poison Magic
 - Level 2.4 Invocations
 - Level 0.6 Evocations


You had 9 spell levels left.
You didn't know any spells.
Your spell library contained the following spells:

 Spells                   Type           Power      Damage    Failure   Level
 Magic Dart               Conj           4%         1d3       26%         1
 Ensorcelled Hibernation  Hex/Ice        0%         N/A       41%         2
 Call Imp                 Summ           0%         N/A       45%         2
 Mephitic Cloud           Conj/Pois/Air  0%         N/A       65%         3
 Portal Projectile        Hex/Tloc       0%         N/A       65%         3
 Spider Form              Tmut/Pois      0%         N/A       67%         3
 Call Canine Familiar     Summ           0%         N/A       69%         3
 Leda's Liquefaction      Hex/Erth       0%         N/A       97%         4


Dungeon Overview and Level Annotations

Branches:
Dungeon (7/15)             Temple (0/1) D:6           Sewer (visited)
 Bailey (visited)

Altars:
Ashenzari
Qazlal
Sif Muna
Trog
Yredelemnul
The Shining One

Shops:
D:4 ?   D:6 [

Annotations:
D:5 3 runed translucent doors, stickyfingers's ghost, amateur HOGl


Innate Abilities, Weirdness & Mutations

You regenerate magic rapidly.
You are mostly covered in razor-sharp scales. (AC +2, Slay +2)
Your touch may irresistibly damage your foes and sap their willpower.


Message History

Reach: d) +9 halberd "Spiderslayer" {drain, rN+ rCorr}
Press: ? - help, Dir - move target, f/p - troll
Aim: a troll (heavily wounded, lightly drained, about 29% to evade the +9 halberd "Spiderslayer")
You barely miss the troll.
The troll is heavily wounded.
The troll bites you. The troll claws you. The troll closely misses you.
You slash the troll! You drain the troll.
You kill the troll!
Lugonu accepts your kill.
Reach: d) +9 halberd "Spiderslayer" {drain, rN+ rCorr}
Press: ? - help, Dir - move target, f - freezing wraith
Aim: a freezing wraith (about 29% to evade the +9 halberd "Spiderslayer")
You reach to attack!
You puncture the freezing wraith!
The freezing wraith is moderately damaged.
Reach: d) +9 halberd "Spiderslayer" {drain, rN+ rCorr}
Press: ? - help, Dir - move target, f/p - freezing wraith
Aim: a freezing wraith (moderately damaged, about 29% to evade the +9 halberd "Spiderslayer")
You hit the freezing wraith but do no damage.
The freezing wraith is moderately damaged.
The freezing wraith hits you! The freezing wraith freezes you!
The freezing wraith barely misses you.
You are too injured to fight recklessly!
You slash the freezing wraith!
The freezing wraith is heavily damaged.
The freezing wraith closely misses you. The freezing wraith hits you.
The freezing wraith drains your vigour!
You feel yourself slow down.
You hit the freezing wraith.
The freezing wraith is severely damaged.
The freezing wraith misses you. The freezing wraith closely misses you.
You closely miss the freezing wraith.
The freezing wraith is severely damaged.
The freezing wraith hits you but does no damage.
The freezing wraith hits you. The freezing wraith drains your vigour!
You feel as though you will be slow longer.
You puncture the freezing wraith!
The freezing wraith is almost destroyed.
The freezing wraith hits you!
* * * LOW HITPOINT WARNING * * *
The freezing wraith freezes you!
You die...

#######. . .###
##...... .. ....
#.....# ... .....
#.....# ....
.....#####.... .....
........###'#####......
#......†@W........
#.####.####.......
#.##.....##.......
#.#.......#.......
#.#.......#.......
#....._...........
#.#.......#.......
#.#.......#.......
#.##.....##


You could see a freezing wraith.

Vanquished Creatures
  Pikel (D:6)
  Joseph (D:7)
  An unseen horror (D:10)
  A komodo dragon (D:7)
  A troll (D:10)
  A wyvern (D:10)
  Eustachio (D:6)
  15 yaks
  A water moccasin (D:7)
  3 sky beasts (D:6)
  2 orc warriors
  A hornet zombie (D:7)
  3 necrophages
  4 ogres
  A lemure (D:6)
  2 phantoms
  Blork the orc (D:5)
  A kobold brigand (Sewer)
  2 scorpions (D:4)
  A water moccasin skeleton (D:5)
  4 killer bees (D:7)
  A bullfrog zombie (D:5)
  6 centaur zombies
  A hound (D:5)
  2 orc priests (D:5)
  3 centaur skeletons
  Ijyb (D:4)
  An iguana (D:4)
  3 orc wizards
  2 killer bee zombies (D:7)
  A hound skeleton (D:5)
  A howler monkey zombie (D:7)
  A river rat (Sewer)
  6 adders
  A shadow imp (D:6)
  A white imp (D:5)
  2 ufetubi
  5 worms
  2 dart slugs (D:2)
  22 orcs
  4 bats
  6 endoplasms
  2 giant cockroaches
  7 hobgoblins
  3 jackals (D:3)
  25 kobolds
  4 quokkas
  8 ball pythons
  A frilled lizard (D:3)
  10 goblins
  26 rats
206 creatures vanquished.

Notes
Turn   | Place    | Note
-------+----------+-------------------------------------------
     0 | Abyss:1  | kipponium the Demonspawn Abyssal Knight began the quest for
                  | the Orb.
     0 | Abyss:1  | Reached XP level 1. HP: 18/18 MP: 2/2
    11 | D:1      | Escaped the Abyss
   194 | D:1      | Reached * piety under Lugonu
   199 | D:1      | Gained mutation: Your touch may inflict minor irresistible
                  | damage on your foes. [demonic ancestry]
   199 | D:1      | Reached XP level 2. HP: 20/24 MP: 3/3
   558 | D:1      | Found a faded altar of an unknown god.
   842 | D:2      | You fall into a shaft and drop 2 floors!
   867 | D:4      | Identified the +9 halberd "Spiderslayer" {drain, rN+ rCorr}
   878 | D:4      | Gained mutation: You are partially covered in razor-sharp
                  | scales. (AC +1, Slay +1) [demonic ancestry]
   878 | D:4      | Reached XP level 3. HP: 11/29 MP: 4/4
   953 | D:4      | Found a glowing drain.
   964 | D:4      | Reached skill level 1 in Polearms
   965 | D:4      | Gained mutation: You are mostly covered in razor-sharp
                  | scales. (AC +2, Slay +2) [demonic ancestry]
   965 | D:4      | Reached XP level 4. HP: 35/35 MP: 5/5
   977 | Sewer    | Entered a sewer
  1015 | Sewer    | Noticed a kobold brigand
  1022 | Sewer    | Killed a kobold brigand
  1023 | Sewer    | Reached skill level 2 in Polearms
  1023 | Sewer    | Reached XP level 5. HP: 36/41 MP: 6/6
  1071 | Sewer    | Reached skill level 3 in Polearms
  1099 | Sewer    | Reached ** piety under Lugonu
  1321 | Sewer    | Identified the +1 robe "Piadyefa" {Fly rN+ Str-2 SInv}
  1607 | D:4      | Found a shimmering blue altar of Sif Muna.
  1611 | D:4      | Noticed an orc warrior
  1616 | D:4      | Killed an orc warrior
  1617 | D:4      | Reached skill level 4 in Polearms
  1617 | D:4      | Gained mutation: You regenerate magic rapidly. [demonic
                  | ancestry]
  1617 | D:4      | Reached XP level 6. HP: 42/47 MP: 7/7
  1621 | D:4      | Got Sif Muna's Tome of the Escort
  1744 | D:3      | Reached skill level 5 in Polearms
  1747 | D:3      | Reached *** piety under Lugonu
  2702 | D:3      | Found a broken altar of Ashenzari.
  3029 | D:4      | Noticed a yak
  3030 | D:4      | Noticed a yak
  3031 | D:4      | Noticed a yak
  3044 | D:4      | Killed a yak
  3045 | D:4      | Reached skill level 6 in Polearms
  3045 | D:4      | Gained mutation: Your touch may inflict irresistible damage
                  | on your foes. [demonic ancestry]
  3045 | D:4      | Reached XP level 7. HP: 44/52 MP: 8/8
  3050 | D:4      | Killed a yak
  3051 | D:4      | Reached skill level 7 in Polearms
  3053 | D:4      | Killed a yak
  3231 | D:4      | Found Neonaib's Magic Scroll Boutique.
  3234 | D:4      | Bought a scroll of blinking for 75 gold pieces
  3366 | D:4      | Found a bloodstained altar of Trog.
  3393 | D:4      | Noticed Ijyb
  3403 | D:4      | Killed Ijyb
  3404 | D:4      | Gained mutation: Your touch may irresistibly damage your
                  | foes and sap their willpower. [demonic ancestry]
  3404 | D:4      | Reached XP level 8. HP: 56/58 MP: 9/9
  3456 | D:4      | Reached skill level 8 in Polearms
  3821 | D:5      | Entered Level 5 of the Dungeon
  3826 | D:5      | Noticed stickyfingers's ghost (amateur HOGl)
  3827 | D:5      | Found a runed translucent gate.
  3827 | D:5      | Found a runed translucent gate.
  3827 | D:5      | Found a runed translucent gate.
  4078 | D:5      | Reached skill level 9 in Polearms
  4271 | D:5      | Reached **** piety under Lugonu
  4426 | D:5      | Noticed Blork the orc
  4433 | D:5      | Killed Blork the orc
  4711 | D:5      | Reached skill level 10 in Polearms
  4876 | D:6      | Reached XP level 9. HP: 54/63 MP: 10/10
  4930 | D:6      | Noticed Pikel
  4939 | D:6      | Killed Pikel
  4940 | D:6      | Reached skill level 11 in Polearms
  4974 | D:6      | Noticed Eustachio
  4985 | D:6      | Killed Eustachio
  5279 | D:6      | Found Byaco's Armour Boutique.
  5335 | D:6      | Reached skill level 12 in Polearms
  5459 | D:6      | Found a staircase to the Ecumenical Temple.
  5696 | D:7      | Found a flagged portal.
  5717 | D:7      | Reached XP level 10. HP: 33/70 MP: 11/11
  5761 | Bailey   | Entered a bailey
  5776 | Bailey   | Noticed an orc knight
  5791 | D:7      | Noticed Joseph
  5803 | D:7      | Killed Joseph
  5849 | D:7      | Reached skill level 13 in Polearms
  6254 | D:7      | Found a basalt altar of Yredelemnul.
  6384 | D:7      | You are sucked into a shaft and drop 3 floors!
  6384 | D:10     | Entered Level 10 of the Dungeon
  6384 | D:10     | Found a stormy altar of Qazlal.
  6418 | D:10     | Reached skill level 14 in Polearms
  6445 | D:10     | Slain by a freezing wraith

Illustrated notes

Levels and vault maps discovered:
D:1:      minmay_arrival_three_doors, layout_loops_cross, serial_forest,
          infiniplex_forest_clump_long, infiniplex_forest_corner_1,
          infiniplex_forest_lined_ring, infiniplex_forest_clump_diagonal,
          infiniplex_forest_corner_1, ebering_ecumenical_altar_hall
D:2:      layout_basic, kennysheep_generic_room_3
D:3:      layout_basic, nicolae_tso_swordbearing_angel,
          cheibrodos_ashenzari_chains
D:4:      layout_loops_corners, nzn_overflow_gifts_of_might_and_magic,
          cheibrodos_sewer_entry_sluice, serial_shops,
          nicolae_shop_window_shopping, minmay_diced_spiral, uniq_ijyb
D:5:      layout_cave_pods, gammafunk_ghost_split, kennysheep_generic_room_11,
          uniq_blork_the_orc
D:6:      layout_basic, minmay_temple_entry_nine_rooms, serial_shops,
          nicolae_stop_n_shop_2, uniq_eustachio, uniq_pikel
D:7:      layout_loops_cross, nicolae_yredelemnul_corpse_copse,
          kennysheep_vampire_church, enter_bailey_3, uniq_joseph
D:10:     layout_basic, old_standard_altar, serial_bayou_ford_a,
          minmay_st_funbox

Skill      XL: |  1  2  3  4  5  6  7  8  9 10 |
---------------+-------------------------------+-----
Maces & Flails | 2 |  2.6
Polearms       | 1 2 4 6 7 10 12 14 | 14.5
Fighting       | |  3.0
Slings         | |  0.1
Bows           | |  0.1
Armour         | |  1.7
Dodging        | |  0.8
Shields        | |  0.3
Conjurations   | |  0.6
Hexes          | |  0.3
Translocations | |  0.3
Transmutations | |  0.2
Fire Magic     | |  0.1
Ice Magic      | |  0.4
Earth Magic    | |  0.1
Poison Magic   | |  0.2
Invocations    | |  2.4
Evocations     | |  0.6

Action                   |  1- 3 |  4- 6 |  7- 9 | 10-12 || total
-------------------------+-------+-------+-------+-------++-------
Melee: Mace              |    65 |       |       |       ||    65
       Touch             |     5 |       |       |       ||     5
       Halberd           |    10 |   139 |   185 |   129 ||   463
Throw: Dart              |       |     4 |     1 |       ||     5
Invok: Depart the Abyss  |     1 |       |       |       ||     1
  Use: Scroll            |     2 |     6 |     2 |       ||    10
       Potion            |       |       |       |     2 ||     2
 Stab: Sleeping          |       |     1 |     1 |       ||     2
Armor: Leather armour    |    10 |    17 |       |       ||    27
       Robe              |       |    14 |    27 |    30 ||    71
Dodge: Dodged            |    51 |    57 |    56 |    74 ||   238

Table legend: (Time is in decaauts)
 A = Elapsed time spent in this place.
 B = Non-inter-level travel time spent in this place.
 C = Inter-level travel time spent in this place.
 D = Time resting spent in this place.
 E = Time spent auto-exploring this place.
 F = Levels seen in this place.
 G = Mean time per level.
                   A        B        C        D        E       F      G
               +--------+--------+--------+--------+--------+-----+--------+
         Total |   6506 |   6271 |    235 |    410 |   4203 |  11 |  591.5 |
       Dungeon |   5820 |   5585 |    235 |    410 |   3918 |   8 |  727.5 |
         Abyss |     11 |     11 |      0 |      0 |      0 |   1 |   11.0 |
         Sewer |    651 |    651 |      0 |      0 |    285 |   1 |  651.0 |
        Bailey |     23 |     23 |      0 |      0 |      0 |   1 |   23.0 |
               +--------+--------+--------+--------+--------+-----+--------+

Top non-repeatable levels by time:
     D:4: 1061 daAuts
     D:5: 953 daAuts
     D:6: 889 daAuts
     D:2: 799 daAuts
     D:1: 770 daAuts
     D:7: 678 daAuts
   Sewer: 651 daAuts
     D:3: 613 daAuts
    D:10: 53 daAuts
  Bailey: 23 daAuts
 Abyss:1: 11 daAuts
